 Dungeon Crawl Stone Soup version 0.29-a0-22-gbf593b16ee (webtiles) character file.

Game seed: 16485785569154696579

114 bande the Covered (level 4, -6/29 HPs)
             Began as a Gargoyle Fighter on Jan 30, 2022.
             Mangled by an orc priest (7 damage)
             ... on level 3 of the Dungeon.
             The game lasted 00:02:53 (1988 turns).

bande the Covered (Gargoyle Fighter)                Turns: 1988, Time: 00:02:53

Health: -6/29      AC: 13    Str: 20    XL:     4   Next: 98%
Magic:  4/4        EV:  7    Int:  8    God:
Gold:   160        SH:  4    Dex: 11    Spells: 3/3 levels left

rFire   + . .      SeeInvis .   a - +0 war axe
rCold   . . .      Faith    .   c - +0 buckler
rNeg    + . .      Spirit   .   e - +0 chain mail
rPois   ∞          Reflect  .   (no helmet)
rElec   +          Harm     .   (no cloak)
rCorr   .          Rampage  .   (no gloves)
Will    .....                   (no boots)
Stlth   ..........              (no amulet)
HPRegen 0.09/turn               b - ring of protection from fire
MPRegen 0.09/turn               (no ring)

@: mighty
A: sickness immunity, AC +3, negative energy resistance 1, electricity
resistance, torment resistance 1, petrification resistance
a: no special abilities


You were on level 3 of the Dungeon.
You visited 1 branch of the dungeon, and saw 3 of its levels.

You collected 160 gold pieces.

Inventory:

Hand Weapons
 a - a +0 war axe (weapon)
Armour
 c - a +0 buckler (worn)
 e - a +0 chain mail (worn)
Jewellery
 b - a ring of protection from fire (left hand)
Wands
 h - a wand of acid (10)
Scrolls
 f - a scroll of blinking {unknown}
 g - 2 scrolls of identify


   Skills:
 + Level 3.8 Fighting
 + Level 3.0 Axes
 + Level 4.1 Armour
 - Level 0.1 Dodging
 + Level 3.7 Shields
 * Level 1.0 Evocations


You had 3 spell levels left.
You didn't know any spells.
Your spell library contained the following spells:

 Spells                   Type           Power      Damage    Failure   Level
 Animate Skeleton         Necr           0%         N/A       99%         1
 Apportation              Tloc           0%         N/A       99%         1
 Pain                     Necr           0%         1d4       99%         1
 Summon Small Mammal      Summ           0%         N/A       99%         1
 Call Canine Familiar     Summ           0%         N/A       100%        3
 Portal Projectile        Hex/Tloc       0%         N/A       100%        3
 Vampiric Draining        Necr           0%         2d6       100%        3
 Leda's Liquefaction      Hex/Erth       0%         N/A       100%        4
 Olgreb's Toxic Radiance  Pois           0%         N/A       100%        4
 Ozocubu's Refrigeration  Ice            0%         4d5       100%        7
 Ignition                 Fire           0%         3d3       100%        8


Dungeon Overview and Level Annotations

Branches:
Dungeon (3/15)

Altars:


Innate Abilities, Weirdness & Mutations

You are immune to sickness and miasma.
Your stone body is resilient. (AC +3)
You are immune to poison.
You resist negative energy. (rN+)
You are resistant to electric shocks. (rElec)
You are resistant to unholy torment.
You are immune to petrification.


Message History

You feel very mighty all of a sudden.
The orc priest hits you but does no damage.
You slash something! You closely miss the orc priest.
You block the orc priest's attack. Something hits you but does no damage.
You block the orc priest's attack. Something hits you but does no damage.
Unknown command.
You slice something!!
Reactivating autopickup.
You feel a bit more experienced.
You hit the orc priest. The orc priest barely misses you.
The orc priest calls upon Beogh to heal the orc priest.
The orc priest's wounds heal themselves!
Your Armour skill increases to level 4!
You closely miss the orc. You barely miss the orc priest.
The orc priest barely misses you.
The orc priest invokes the aid of Beogh against you.
Beogh smites you! The orc hits you but does no damage.
The orc priest invokes the aid of Beogh against you.
Beogh smites you!
* * * LOW HITPOINT WARNING * * *
You closely miss the orc. You barely miss the orc priest.
The orc hits you but does no damage.
The orc priest miscasts a cantrip.
The orc hits you but does no damage.
You closely miss the orc. You hit the orc priest.
The orc priest hits you with a +0 trident.
* * * LOW HITPOINT WARNING * * *
The orc hits you but does no damage.
Unknown command.
You barely miss the orc. You slash the orc priest!
You kill the orc priest!
The orc hits you but does no damage. The orc priest barely misses you.
Your Axes skill increases to level 3!
Your Evocations skill increases to level 1!
Unknown command.
You slash the orc!
You kill the orc!
You slash the orc priest!
The orc priest hits you with a +0 falchion!
You die...

#.# #.# #.#
#.# #.# #.#
#.# #.# #.#
####.## #.#
....... #.#
.......
#.###o.<....
#.#.@)K.....
#.#.#####.##
#...# #####


You could see an orc priest and a kobold.

Vanquished Creatures
  2 orc priests (D:3)
  2 adders
  2 dart slugs
  An orc (D:3)
  6 endoplasms
  2 giant cockroaches
  3 goblins
  2 hobgoblins (D:2)
  3 kobolds (D:2)
  3 quokkas
  A ball python (D:3)
  7 bats
  4 frilled lizards
38 creatures vanquished.

Notes
Turn   | Place    | Note
-------+----------+-------------------------------------------
     0 | D:1      | bande the Gargoyle Fighter began the quest for the Orb.
     0 | D:1      | Reached XP level 1. HP: 14/14 MP: 1/1
    51 | D:1      | Noticed an eye of devastation
    55 | D:1      | Noticed a great orb of eyes
    57 | D:1      | Found a faded altar of an unknown god.
   103 | D:1      | Noticed a shining eye
   104 | D:1      | Noticed a shining eye
   331 | D:1      | Reached XP level 2. HP: 19/19 MP: 2/2
  1040 | D:2      | Reached XP level 3. HP: 19/23 MP: 3/3
  1918 | D:3      | Reached XP level 4. HP: 27/29 MP: 4/4
  1984 | D:3      | Reached skill level 4 in Armour
  1986 | D:3      | HP: 1/29 [orc priest (1)]
  1988 | D:3      | Reached skill level 1 in Evocations
  1988 | D:3      | Mangled by an orc priest

Illustrated notes

Levels and vault maps discovered:
D:1:      ncdulo_wetmaze, layout_basic, hellmonk_ecumenical_altar_watching_god
D:2:      layout_rooms
D:3:      layout_basic, uniq_jessica

Skill      XL: |  1  2  3  4 |
---------------+-------------+-----
Axes           | 2 3 |  3.0
Armour         | 4 |  4.1
Evocations     | 1 |  1.0
Fighting       | |  3.8
Dodging        | |  0.1
Shields        | |  3.7

Action                   |  1- 3 |  4- 6 || total
-------------------------+-------+-------++-------
Melee: War axe           |   104 |     7 ||   111
  Use: Scroll            |     2 |       ||     2
       Potion            |       |     2 ||     2
Armor: Chain mail        |    94 |     8 ||   102
       Scale mail        |     2 |       ||     2
Dodge: Dodged            |    48 |     4 ||    52
Block: Buckler           |    27 |     2 ||    29

Table legend: (Time is in decaauts)
 A = Elapsed time spent in this place.
 B = Non-inter-level travel time spent in this place.
 C = Inter-level travel time spent in this place.
 D = Time resting spent in this place.
 E = Time spent auto-exploring this place.
 F = Levels seen in this place.
 G = Mean time per level.
                   A        B        C        D        E       F      G
               +--------+--------+--------+--------+--------+-----+--------+
         Total |   2043 |   2019 |     24 |      0 |   1636 |   3 |  681.0 |
       Dungeon |   2043 |   2019 |     24 |      0 |   1636 |   3 |  681.0 |
               +--------+--------+--------+--------+--------+-----+--------+

Top non-repeatable levels by time:
     D:1: 1017 daAuts
     D:2: 638 daAuts
     D:3: 386 daAuts
